 Dungeon Crawl Stone Soup version 0.27-a0-887-gcab673c142 (webtiles) character file.

Game seed: 11964772658621048115

74 Alarkh the Ruffian (level 4, 28/35 HPs)
             Began as a Demonspawn Gladiator on Apr 4, 2021.
             Got out of the dungeon alive.
             The game lasted 00:01:37 (1686 turns).

Alarkh the Ruffian (Demonspawn Gladiator)           Turns: 1686, Time: 00:01:38

Health: 28/35      AC:  4    Str: 15    XL:     4   Next: 9%
Magic:  4/4        EV: 12    Int: 12    God:
Gold:   85         SH:  0    Dex: 14    Spells: 3/3 levels left

rFire    . . .     SeeInvis .     - Unarmed
rCold    . . .     Faith    .   (no shield)
rNeg     . . .     Spirit   .   a - +0 leather armour
rPois    .         Reflect  .   b - +0 helmet
rElec    .         Harm     .   (no cloak)
rCorr    .         Rampage  .   (no gloves)
Will     .....                  (no boots)
Stlth    +.........             (no amulet)
HPRegen  0.11/turn              (no ring)
MPRegen  0.09/turn              (no ring)

@: no status effects
A: claws 1, big brain 1
a: no special abilities


You escaped.
You visited 1 branch of the dungeon, and saw 2 of its levels.

You collected 85 gold pieces.

Inventory:

Missiles
 c - 3 throwing nets (quivered)
Armour
 a - a +0 leather armour (worn)
 b - a +0 helmet (worn)
Scrolls
 d - a scroll of magic mapping {unknown}
 e - a scroll of enchant weapon {unknown}
 f - 2 scrolls of identify {unknown}


   Skills:
 + Level 3.0 Fighting
 - Level 1.7 Throwing
 - Level 2.6 Dodging
 * Level 4.0 Unarmed Combat


You had 3 spell levels left.
You didn't know any spells.
Your spell library was empty.

Dungeon Overview and Level Annotations

Branches:
Dungeon (2/15)

Altars:


Innate Abilities, Weirdness & Mutations

You have sharp fingernails.
You have an unusually large brain. (Int +2)


Message History

A worm is nearby!
Things that are here:
a +0 whip; a kobold corpse The worm misses you.
You scratch the worm.
The worm is moderately wounded.
The worm closely misses you.
You completely miss the worm.
The worm is moderately wounded.
You barely miss the worm.
The worm is moderately wounded.
The worm bites you but does no damage.
You scratch the worm.
The worm is heavily wounded.
You claw the worm!
You kill the worm!
You start resting.
A giant cockroach comes into view.
The giant cockroach completely misses you.
You barely miss the giant cockroach. The giant cockroach barely misses you.
You claw the giant cockroach!
You kill the giant cockroach!
Your Fighting skill increases to level 3!
You see here a giant cockroach corpse.
You aren't carrying any potions.
(D) Dungeon
Where to? (Enter - D:2, ? - help)
What level of the Dungeon? (default 1, ? - help)
You see here a giant cockroach corpse.
There is a stone staircase leading down here.
There is a stone staircase leading up here.
You climb upwards.
There is a stone staircase leading down here.
You see here a bat skeleton.
Things that are here:
a stone; a +0 whip HP restored.
There is a staircase leading out of the dungeon here.
Are you sure you want to leave the Dungeon?
This will make you lose the game!
You have escaped!

....####.................##
......#.#......#........#.#
#####.#..#......#......#..#######
#.#...#..#.#.#....#...#......
#.#....#..#...#..#....#.#####
#.#.....##.#...##.....#.# #
#.#.....#...#...#.....#.# #
#......#.....#.#.#.#..#.# #
###...#.#...@.#...#.....# #
#......#...#.#.#....#.# #
#.....#.#.#...#.....#.# #
#....#...#...#.#....#.# #
#...#...#...#...#...#.# #
#..#...#...#.....#..#.#
#.#.......#.......#.#.#####
##.................##......
################.###############.


There were no monsters in sight!

Vanquished Creatures
  An adder (D:1)
  4 worms (D:2)
  A dart slug (D:1)
  2 ball pythons (D:1)
  7 bats (D:1)
  4 endoplasms
  3 giant cockroaches
  4 goblins (D:1)
  3 hobgoblins (D:1)
  6 jackals (D:1)
  2 quokkas (D:1)
  2 ball python skeletons (D:2)
  4 frilled lizards
  3 kobolds
  2 rats
48 creatures vanquished.

Vanquished Creatures (others)
  3 withered plants (D:2)
3 creatures vanquished.

Grand Total: 51 creatures vanquished

Notes
Turn   | Place    | Note
-------+----------+-------------------------------------------
     0 | D:1      | Alarkh the Demonspawn Gladiator began the quest for the
                  | Orb.
     0 | D:1      | Reached XP level 1. HP: 16/16 MP: 1/1
    86 | D:1      | Reached skill level 3 in Unarmed Combat
   222 | D:1      | Gained mutation: You have sharp fingernails. [demonic
                  | ancestry]
   222 | D:1      | Reached XP level 2. HP: 16/22 MP: 2/2
   513 | D:1      | Reached XP level 3. HP: 23/28 MP: 3/3
  1544 | D:2      | Reached skill level 4 in Unarmed Combat
  1544 | D:2      | Gained mutation: You have an unusually large brain. (Int
                  | +2) [demonic ancestry]
  1544 | D:2      | Reached XP level 4. HP: 12/34 MP: 4/4
  1686 | D:$      | Got out of the dungeon alive.

Illustrated notes

Levels and vault maps discovered:
D:1:      matt_arrival_diagonals, layout_basic
D:2:      layout_rooms, serial_undead, serial_undead_f, serial_undead_c,
          serial_undead_e, serial_undead_f, basic_ecumenical_altar,
          chequers_jeans, minmay_bisected, uniq_terence

Skill      XL: |  1  2  3  4 |
---------------+-------------+-----
Unarmed Combat | 3 4 |  4.0
Fighting       | 3 |  3.0
Throwing       | |  1.7
Dodging        | |  2.6

Action                   |  1- 3 |  4- 6 || total
-------------------------+-------+-------++-------
Melee: Unarmed           |   165 |     7 ||   172
       Punch             |     1 |       ||     1
 Stab: Sleeping          |     2 |       ||     2
Armor: Leather armour    |    39 |     1 ||    40
Dodge: Dodged            |    89 |     4 ||    93

Table legend: (Time is in decaauts)
 A = Elapsed time spent in this place.
 B = Non-inter-level travel time spent in this place.
 C = Inter-level travel time spent in this place.
 D = Time resting spent in this place.
 E = Time spent auto-exploring this place.
 F = Levels seen in this place.
 G = Mean time per level.
                   A        B        C        D        E       F      G
               +--------+--------+--------+--------+--------+-----+--------+
         Total |   1677 |   1573 |    104 |    431 |    807 |   2 |  838.5 |
       Dungeon |   1677 |   1573 |    104 |    431 |    807 |   2 |  838.5 |
               +--------+--------+--------+--------+--------+-----+--------+

Top non-repeatable levels by time:
     D:1: 1362 daAuts
     D:2: 315 daAuts
